 Dungeon Crawl Stone Soup version 0.28-a0-476-g0f06bd746f (webtiles) character file.

Game seed: 8735300746126265143

116 bande the Shield-Bearer (level 5, 0/33 HPs)
             Began as a Gargoyle Fighter on Sept 16, 2021.
             Slain by Grinder (1 damage)
             ... on level 3 of the Dungeon.
             The game lasted 00:03:03 (1917 turns).

bande the Shield-Bearer (Gargoyle Fighter)          Turns: 1917, Time: 00:03:04

Health: 0/33       AC: 12    Str: 19    XL:     5   Next: 0%
Magic:  5/5        EV:  9    Int: 15    God:
Gold:   112        SH:  4    Dex: 10    Spells: 4/4 levels left

rFire   . . .      SeeInvis .   a - +0 war axe
rCold   . . .      Faith    .   c - +0 buckler
rNeg    + . .      Spirit   .   b - +0 scale mail
rPois   ∞          Reflect  .   e - +0 helmet
rElec   +          Harm     .   (no cloak)
rCorr   .          Rampage  .   (no gloves)
Will    .....                   (no boots)
Stlth   ..........              (no amulet)
HPRegen 0.11/turn               h - +6 ring of intelligence
MPRegen 0.09/turn               (no ring)

@: mighty
A: sickness immunity, AC +4, negative energy resistance 1, electricity
resistance, torment resistance 1, petrification resistance
a: no special abilities


You were on level 3 of the Dungeon.
You visited 1 branch of the dungeon, and saw 3 of its levels.

You collected 112 gold pieces.

Inventory:

Hand Weapons
 a - a +0 war axe (weapon)
Armour
 b - a +0 scale mail (worn)
 c - a +0 buckler (worn)
 e - a +0 helmet (worn)
Jewellery
 h - a +6 ring of intelligence (left hand)
Wands
 g - a wand of iceblast (6)
Scrolls
 i - 3 scrolls of identify
Potions
 f - a potion of resistance


   Skills:
 + Level 3.7 Fighting
 + Level 3.2 Axes
 + Level 3.9 Armour
 - Level 0.1 Stealth
 + Level 3.9 Shields
 * Level 0.4 Evocations


You had 4 spell levels left.
You didn't know any spells.
Your spell library contained the following spells:

 Spells                   Type           Power      Damage    Failure   Level
 Freeze                   Ice            0%         1d3       61%         1
 Frozen Ramparts          Ice            0%         1d2       93%         3
 Hailstorm                Conj/Ice       0%         3d3       100%        4


Dungeon Overview and Level Annotations

Branches:
Dungeon (3/15)

Altars:

Annotations:
D:3 Grinder


Innate Abilities, Weirdness & Mutations

You are immune to sickness and miasma.
Your stone body is resilient. (AC +4)
You are immune to poison.
You resist negative energy. (rN+)
You are resistant to electric shocks. (rElec)
You are resistant to unholy torment.
You are immune to petrification.


Message History

You hit the rat.
You kill the rat!
Grinder gestures at you. Pain shoots through your body! Grinder hits you.
You writhe in agony.
You hit Grinder.
Grinder is lightly wounded.
Grinder says, "FISH!"
Grinder closely misses you. Grinder hits you.
You writhe in agony.
You slash Grinder!
Grinder is moderately wounded.
Grinder gestures at you.
You suddenly lose the ability to move!
Grinder hits you.
You writhe in agony.
Grinder hits you.
You writhe in agony.
Grinder hits you but does no damage. x2
Grinder says, "Don't move a muscle."
Grinder gestures at you.
You barely resist. Grinder hits you but does no damage.
You can move again.
You feel very mighty all of a sudden. Grinder hits you.
You writhe in agony.
* * * LOW HITPOINT WARNING * * *
You slash Grinder!
Grinder is severely wounded.
Grinder gestures at you. You resist with significant effort.
You slash Grinder!
Grinder is almost dead.
You block Grinder's attack. Grinder hits you but does no damage.
You barely miss Grinder.
Grinder is almost dead.
Grinder hits you but does no damage.
You closely miss Grinder.
Grinder is almost dead.
Grinder hits you!
* * * LOW HITPOINT WARNING * * *
You writhe in agony.
You die...

...##.##.###..........).#
...+..##.......#+########
...#####.......#.......#
#### #....#..#.......#
#....#..#.......#
######...†......#
#!.........# #..(.......#
##.#@......# #.#5......#
#.#.......# #.........#
##......... #........#
##......## #....###


You could see Grinder.

Vanquished Creatures
  Robin (D:2)
  5 adders
  A worm (D:3)
  A dart slug (D:2)
  A ball python (D:2)
  4 bats
  4 endoplasms
  3 giant cockroaches
  7 goblins
  6 hobgoblins
  4 jackals (D:3)
  4 kobolds
  4 quokkas
  3 frilled lizards
  3 rats
51 creatures vanquished.

Notes
Turn   | Place    | Note
-------+----------+-------------------------------------------
     0 | D:1      | bande the Gargoyle Fighter began the quest for the Orb.
     0 | D:1      | Reached XP level 1. HP: 14/14 MP: 1/1
   407 | D:1      | Reached XP level 2. HP: 19/19 MP: 2/2
   531 | D:1      | Found a faded altar of an unknown god.
   828 | D:2      | Reached XP level 3. HP: 19/23 MP: 3/3
   912 | D:2      | Noticed Robin
   922 | D:2      | Killed Robin
  1151 | D:2      | Reached XP level 4. HP: 29/29 MP: 4/4
  1892 | D:3      | Reached XP level 5. HP: 33/33 MP: 5/5
  1900 | D:3      | Noticed Grinder
  1906 | D:3      | Paralysed by Grinder for 7 turns
  1917 | D:3      | HP: 1/33 [Grinder (7)]
  1917 | D:3      | Slain by Grinder

Illustrated notes

Levels and vault maps discovered:
D:1:      dpeg_arrival_round_c, layout_rooms,
          shapermc_ecumenical_altar_totnotflames, serial_park_tiny_1
D:2:      layout_basic, minmay_indecisive_spiral, uniq_robin
D:3:      layout_basic, mainiacjoe_overflow_24_doors, item_on_display_a,
          uniq_sigmund, uniq_grinder, uniq_crazy_yiuf_cottage

Skill      XL: |  1  2  3  4 |
---------------+-------------+-----
Axes           | 2 3 |  3.2
Fighting       | |  3.7
Armour         | |  3.9
Stealth        | |  0.1
Shields        | |  3.9
Evocations     | |  0.4

Action                   |  1- 3 |  4- 6 || total
-------------------------+-------+-------++-------
Melee: War axe           |    71 |    57 ||   128
  Use: Scroll            |     1 |     1 ||     2
       Potion            |     1 |     1 ||     2
 Stab: Distracted        |     1 |       ||     1
Armor: Scale mail        |    28 |    44 ||    72
Dodge: Dodged            |    37 |    29 ||    66
Block: Buckler           |    21 |    12 ||    33

Table legend: (Time is in decaauts)
 A = Elapsed time spent in this place.
 B = Non-inter-level travel time spent in this place.
 C = Inter-level travel time spent in this place.
 D = Time resting spent in this place.
 E = Time spent auto-exploring this place.
 F = Levels seen in this place.
 G = Mean time per level.
                   A        B        C        D        E       F      G
               +--------+--------+--------+--------+--------+-----+--------+
         Total |   1964 |   1964 |      0 |     55 |   1489 |   3 |  654.7 |
       Dungeon |   1964 |   1964 |      0 |     55 |   1489 |   3 |  654.7 |
               +--------+--------+--------+--------+--------+-----+--------+

Top non-repeatable levels by time:
     D:2: 987 daAuts
     D:1: 773 daAuts
     D:3: 204 daAuts
